 Dungeon Crawl Stone Soup version 0.27-a0-650-g8dd3ea4f36 (webtiles) character file.

Game seed: 1845455292736364936

563 Anon1729 the Cudgeller (level 7, -3/60 HPs)
             Began as a Palentonga Warper on Mar 15, 2021.
             Slain by an ogre
             ... wielding a +0 giant club
              (23 damage)
             ... on level 4 of the Dungeon.
             The game lasted 00:10:07 (6066 turns).

Anon1729 the Cudgeller (Palentonga Warper)          Turns: 6066, Time: 00:10:08

Health: -3/60      AC: 14    Str: 16    XL:     7   Next: 10%
Magic:  8/10       EV:  9    Int: 14    God:
Gold:   133        SH:  0    Dex:  9    Spells: 8/10 levels left

rFire    . . .     SeeInvis +   a - +0 mace
rCold    . . .     Faith    .   (no shield)
rNeg     . . .     Spirit   .   e - +2 leather armour {Will+}
rPois    .         Reflect  .   (no helmet)
rElec    .         Harm     .   g - +0 cloak
rCorr    .         Rampage  .   (no gloves)
Will     +....                  (no barding)
Stlth    +.........             (no amulet)
HPRegen  0.20/turn              (no ring)
MPRegen  0.12/turn              (no ring)

@: curled up
A: large, rugged brown scales 3, see invisible, deformed body, roll 1, armoured
tail, reflexive curl
a: Rolling Charge


You were on level 4 of the Dungeon.
You visited 1 branch of the dungeon, and saw 6 of its levels.

You collected 133 gold pieces.

Inventory:

Hand Weapons
 a - a +0 mace (weapon)
 o - a +0 whip
Missiles
 n - 4 boomerangs
Armour
 b - a +0 leather armour
 e - a +2 leather armour of willpower (worn)
 g - a +0 cloak (worn)
Wands
 p - a wand of paralysis (7)
Scrolls
 d - 4 scrolls of blinking
 f - a scroll of enchant weapon {unknown}
 h - 5 scrolls of identify {unknown}
 i - a scroll of random uselessness {unknown}
 j - a scroll of amnesia {unknown}
 l - 2 scrolls of enchant armour {unknown}
Potions
 c - a potion of curing
 k - 2 potions of brilliance
 m - a potion of attraction {unknown}
 q - a potion of heal wounds
 r - a potion of ambrosia {unknown}


   Skills:
 + Level 3.0 Fighting
 * Level 7.0 Maces & Flails
 - Level 0.6 Throwing
 - Level 2.0 Armour
 - Level 1.5 Dodging
 - Level 2.0 Spellcasting
 - Level 3.0 Translocations


You had 8 spell levels left.
You knew the following spells:

 Your Spells              Type           Power      Damage    Failure   Level
a - Blink                 Tloc           N/A        N/A       13%         2

Your spell library contained the following spells:

 Spells                   Type           Power      Damage    Failure   Level
 Gell's Gravitas          Tloc           4%         N/A       26%         3
 Lesser Beckoning         Tloc           4%         N/A       26%         3
 Teleport Other           Tloc           9%         N/A       26%         3
 Manifold Assault         Tloc           9%         N/A       63%         4


Dungeon Overview and Level Annotations

Branches:
Dungeon (6/15)
 Temple: D:4-7

Altars:
Okawaru
Yredelemnul

Shops:
D:4 ?

Annotations:
D:2 1 runed translucent door, Crazy Yiuf


Innate Abilities, Weirdness & Mutations

You are completely covered in rugged brown scales. (AC +3, +7% HP)
You have supernaturally acute eyesight. (SInv)
Armour fits poorly on your strangely shaped body.
You can roll at nearby foes to attack.
You have a long armoured tail.
You curl defensively after being hit.


Message History

You feel sick.
You see here a worker ant corpse.
Found a dagger.
Found Hesot's Magic Scroll Shop.
You feel sick.
You feel sick.
You feel sick.
You see here a +0 spear.
There is a stone staircase leading up here.
Magic restored.
You feel sick.
You climb upwards.
There is a stone staircase leading down here.
You start resting.
You feel sick.
You are no longer poisoned.
You start resting.
HP restored.
You climb downwards.
The ogre hits you with a +0 giant club! The ogre hits you with a +0 giant club.
There is a stone staircase leading up here.
You thump the ogre! You tail-slap the ogre!
The ogre is severely wounded.
The ogre hits you with a +0 giant club!!
You are too injured to fight recklessly!
You are too injured to fight recklessly!
You are too injured to fight recklessly!
You are too injured to fight recklessly!
You are too injured to fight recklessly!
You are too injured to fight recklessly!
Casting: Blink (safe; 13% risk of failure)
Confirm with . or Enter, or press ? or * to list all spells.
You blink.
Roll where?
Press: ? - help, Dir - move target, f - ogre
Aim: an ogre, wielding a +0 giant club (severely wounded)
You roll forward with a clatter of scales!
You barely miss the ogre.
The ogre is severely wounded.
You hear a shout!
The ogre hits you with a +0 giant club!!
You die...

#.........###############
#......O.†.......[....##
#.....###############.#.
#.......# #(#. #.....#.#
#)#. ........#.# #<#.
#.......#○# ###.
#.......#○# ##### #.
#.......#@# #...# #.
#.#.....#O######...######.
....#.#..........'......
#..<...###...#######
#......# #...# #......#
#...# #.#+#### #...# #.
#...# #. #...#


You could see an ogre.

Vanquished Creatures
  A necrophage (D:2)
  An ogre (D:5)
  A scorpion (D:3)
  Jessica (D:2)
  Natasha (twice) (D:3)
  2 worker ants (D:4)
  3 orc wizards
  A gnoll (D:1)
  4 adders
  An ooze (D:3)
  2 adder skeletons
  A worm (D:2)
  A dart slug (D:3)
  4 leopard geckos
  12 orcs
  5 giant cockroaches
  12 goblins
  10 hobgoblins
  6 jackals
  2 quokkas (D:2)
  6 bats
  6 frilled lizards
  6 kobolds
  7 rats
97 creatures vanquished.

Vanquished Creatures (others)
  An adder (D:2)
  A frilled lizard (D:2)
  A fungus (D:2)
3 creatures vanquished.

Grand Total: 100 creatures vanquished

Notes
Turn   | Place    | Note
-------+----------+-------------------------------------------
     0 | D:1      | Anon1729 the Palentonga Warper began the quest for the Orb.
     0 | D:1      | Reached XP level 1. HP: 18/18 MP: 3/3
    56 | D:1      | Reached XP level 2. HP: 11/25 MP: 5/5
    59 | D:1      | Learned a level 2 spell: Blink
   456 | D:1      | Reached skill level 3 in Maces & Flails
   610 | D:1      | Reached XP level 3. HP: 31/31 MP: 6/6
  1097 | D:2      | Noticed Jessica
  1117 | D:2      | Killed Jessica
  1118 | D:2      | Reached skill level 4 in Maces & Flails
  1130 | D:2      | Reached XP level 4. HP: 20/38 MP: 4/7
  1406 | D:2      | Found a runed translucent door.
  1407 | D:2      | Noticed Crazy Yiuf
  2240 | D:2      | Noticed a necrophage
  2246 | D:2      | Killed a necrophage
  2247 | D:2      | Reached skill level 5 in Maces & Flails
  2247 | D:2      | Reached XP level 5. HP: 39/43 MP: 8/8
  2395 | D:2      | Noticed a phantom
  3225 | D:2      | Reached skill level 6 in Maces & Flails
  3541 | D:3      | Found an iron altar of Okawaru.
  3945 | D:3      | Reached skill level 1 in Armour
  3956 | D:3      | Reached XP level 6. HP: 25/51 MP: 9/9
  4337 | D:3      | Noticed Natasha
  4344 | D:3      | Killed Natasha
  4439 | D:3      | You fall into a shaft and drop 3 floors!
  4439 | D:6      | Found a basalt altar of Yredelemnul.
  4483 | D:5      | Entered Level 5 of the Dungeon
  4773 | D:3      | Noticed Natasha
  4793 | D:3      | Killed Natasha
  4995 | D:2      | HP: 2/53 [poisoned by a scorpion]
  5002 | D:2      | HP: 2/53 [poisoned by a scorpion]
  5010 | D:2      | HP: 1/53 [poisoned by a scorpion]
  5549 | D:4      | Reached skill level 7 in Maces & Flails
  5549 | D:4      | Gained mutation: You curl defensively after being hit.
                  | [Palentonga growth]
  5549 | D:4      | Reached XP level 7. HP: 24/60 MP: 10/10
  5788 | D:4      | Found Hesot's Magic Scroll Shop.
  6066 | D:4      | Slain by an ogre

Illustrated notes

Levels and vault maps discovered:
D:1:      minmay_arrival_solitary_statue, layout_loops_ring
D:2:      minmay_inner_zag, layout_loops_ring, supply_closet_lemuel,
          minivault_25, lemuel_old_faithful, uniq_jessica,
          uniq_crazy_yiuf_cottage
D:3:      layout_basic, okawaru_gym_becter, skrybe_limestone_x, uniq_natasha
D:4:      layout_basic, serial_shops, shop
D:5:      layout_basic, grunt_ministairs_2, uniq_ijyb
D:6:      minmay_spotlight, layout_cave_pools, lemuel_crystal_altar,
          serial_gnoll_camp, gnoll_camp_huts_moat, gnoll_camp_medium_02,
          gnoll_camp_mini_sergeant, gnoll_camp_mini_house, uniq_eustachio

Skill      XL: |  1  2  3  4  5  6  7 |
---------------+----------------------+-----
Maces & Flails | 3 4 5 6 7 |  7.0
Armour         | 1 2 |  2.0
Fighting       | 3 |  3.0
Throwing       | |  0.6
Dodging        | |  1.5
Spellcasting   | |  2.0
Translocations | |  3.0

Action                   |  1- 3 |  4- 6 |  7- 9 || total
-------------------------+-------+-------+-------++-------
Melee: Mace              |    69 |   288 |    28 ||   385
       Tailslap          |     4 |    19 |     4 ||    27
Throw: Boomerang         |     4 |     2 |       ||     6
 Cast: Blink             |     2 |    10 |     2 ||    14
 Abil: Rolling Charge    |    20 |     9 |     1 ||    30
  Use: Potion            |     2 |     3 |       ||     5
Armor: Leather armour    |    14 |   124 |     6 ||   144
Dodge: Dodged            |    30 |   144 |    15 ||   189

Table legend: (Time is in decaauts)
 A = Elapsed time spent in this place.
 B = Non-inter-level travel time spent in this place.
 C = Inter-level travel time spent in this place.
 D = Time resting spent in this place.
 E = Time spent auto-exploring this place.
 F = Levels seen in this place.
 G = Mean time per level.
                   A        B        C        D        E       F      G
               +--------+--------+--------+--------+--------+-----+--------+
         Total |   6128 |   6041 |     87 |   2527 |   2472 |   6 | 1021.3 |
       Dungeon |   6128 |   6041 |     87 |   2527 |   2472 |   6 | 1021.3 |
               +--------+--------+--------+--------+--------+-----+--------+

Top non-repeatable levels by time:
     D:2: 2326 daAuts
     D:3: 1838 daAuts
     D:1: 1510 daAuts
     D:4: 402 daAuts
     D:6: 43 daAuts
     D:5: 7 daAuts
